 Dungeon Crawl Stone Soup version 0.30-b1-2-g02819fbbbe (webtiles) character file.

Game seed: 14959594533524654189

3767 redmage the Adept (level 10, -12/69 HPs)
             Began as a Meteoran Earth Elementalist on Aug 15, 2023.
             Was a Believer of Sif Muna.
             Mangled by Amaemon
             ... wielding a +0 demon whip of venom
              (18 damage)
             ... on level 9 of the Dungeon.
             The game lasted 00:32:49 (1931 turns).

redmage the Adept (Meteoran Earth Elementalist)     Turns: 1931, Time: 00:32:49

Health: -12/69     AC:  5    Str: 10    XL:     10   Next: 64%
Magic:  17/20      EV: 12    Int: 27    God:    Sif Muna [**....]
Gold:   253        SH:  0    Dex: 15    Spells: 10/21 levels left

rFire   + . .        a - +7 flail of Pestilence {venom, rN+}
rCold   + . .        (no shield)
rNeg    + + .        p - +0 leather armour {rF+}
rPois   .            (no helmet)
rElec   .            (no cloak)
rCorr   .            (no gloves)
SInv    .            C - +1 pair of boots of a bailey {Contam rC+ Regen+ Slay+5}
Will    +....        u - amulet of faith
Stlth   +            e - ring of positive energy
HPRegen 1.11/turn    s - +6 ring of intelligence
MPRegen 0.17/turn

%: faith
@: lethally poisoned (-12 -> -15), glowing
A: sense surroundings 2, otherworldly, glowing, explore regen
a: Renounce Religion, Channel Magic


You were on level 9 of the Dungeon.
You worshipped Sif Muna.
Sif Muna was pleased with you.
You visited 2 branches of the dungeon, and saw 11 of its levels.
You also visited: Bailey.

You collected 393 gold pieces.
You spent 140 gold pieces at shops.

Inventory:

Hand Weapons
 a - the +7 flail of Pestilence (weapon) {venom, rN+}
   (You found it in a bailey)

   rN:        It protects you from negative energy.
Missiles
 f - a boomerang of dispersal
 m - 7 poisoned darts (quivered)
Armour
 p - a +0 leather armour of fire resistance (worn)
 C - the +1 pair of boots of a bailey (worn) {Contam rC+ Regen+ Slay+5}
   (You acquired it in a bailey)

   Slay:      It affects your accuracy & damage with ranged weapons and melee
   (+5).
   rC:        It protects you from cold.
   Contam:    It causes magical contamination when unequipped.
   Regen:     It increases your rate of health regeneration.
 E - a +1 robe
Jewellery
 e - a ring of positive energy (left hand)
 s - a +6 ring of intelligence (right hand)
 u - an amulet of faith (around neck)
Wands
 r - a wand of charming (7)
Scrolls
 c - a scroll of immolation
 d - a scroll of enchant armour
 o - 2 scrolls of blinking
 x - 2 scrolls of summoning
 B - 3 scrolls of fear
Potions
 b - a potion of magic
 g - a potion of berserk rage
 h - a potion of ambrosia
 i - 2 potions of haste
 j - a potion of lignification {unknown}
 k - 2 potions of attraction {unknown}
 l - 2 potions of curing
 n - a potion of mutation {unknown}
 q - a potion of heal wounds
 v - 2 potions of degeneration {unknown}
 z - a potion of might {unknown}
 D - a potion of experience


   Skills:
 - Level 2.4 Dodging
 - Level 1.4 Stealth
 - Level 6.0 Spellcasting
 - Level 8.0 Conjurations
 + Level 1.0 Translocations
 - Level 8.0 Transmutations
 - Level 8.0 Earth Magic
 - Level 9.9 Invocations


You had 10 spell levels left.
You knew the following spells:

 Your Spells              Type           Power      Damage    Failure   Level
a - Sandblast             Erth           100%       2d20      1%          1
b - Passwall              Tmut/Erth      41%        N/A       1%          2
c - Stone Arrow           Conj/Erth      100%       3d13      1%          3
d - Petrify               Tmut/Erth      50%        N/A       3%          4
e - Apportation           Tloc           26%        N/A       6%          1

Your spell library contained the following spells:

 Spells                   Type           Power      Damage    Failure   Level
 Blade Hands              Tmut           25%        N/A       9%          5
 Irradiate                Conj/Tmut      25%        3d20      9%          5
 Lee's Rapid Deconstruct  Erth           25%        3d14*     9%          5
 Iskenderun's Mystic Bla  Conj/Tloc      32%        2d8       14%         4
 Fulminant Prism          Conj/Hex       14%        3d8       17%         4
 Volatile Blastmotes      Fire/Tloc      20%        2d11      22%         3
 Alistair's Intoxication  Tmut/Pois      19%        N/A       43%         5
 Dragon Form              Tmut           25%        N/A       95%         7


Dungeon Overview and Level Annotations

Branches:
Dungeon (10/15) Zot: 4289  Temple (1/1) D:5 Zot: 551  Bailey (visited)
   Lair: D:8-11         Orc: D:9-12

Altars:
Ashenzari
Dithmenos
Hepliaklqana
Kikubaaqudgha
Okawaru
Qazlal
Sif Muna
Uskayaw
Vehumet
Zin
The Shining One

Shops:
D:7 *

Annotations:
D:7 2 transporters, carontestyx's ghost, novice AtWr
D:9 Amaemon


Innate Abilities, Weirdness & Mutations

You passively map the area around you.
You are easily found by Zot.
You glow in the dark.
You regain HP and MP as you explore.


Message History

Confirm with . or Enter, or press ? or * to list all spells.
Aiming: Stone Arrow (safe; 1% risk of failure)
Press: ? - help, Shift-Dir - straight line, f/p - Amaemon
Aim: Amaemon, wielding a +0 demon whip of venom (severely wounded, fast, 72% to hit)
The stone arrow misses Amaemon.
The stone arrow hits the scorpion!!
You kill the scorpion!
The scorpion's corpse disappears in a puff of smoke!
You feel very sick.
Amaemon casts a spell at the scorpion.
The scorpion seems to grow toxic.
The scorpion stings you.
* * * LOW HITPOINT WARNING * * *
Unknown command.
It was a potion of heal wounds.
You feel much better.
You feel sick.
Amaemon hits you with a +0 demon whip of venom.
You are more poisoned.
Amaemon barely misses you. Amaemon closely misses you.
The scorpion stings you but does no damage.
Amaemon sings, "Eyes close, heart stop, nighty-night for you..."
Amaemon barely misses you. Amaemon claws you.
* * * LOW HITPOINT WARNING * * *
Amaemon tail-slaps you.
* * * LOW HITPOINT WARNING * * *
Unknown command.
Magic courses through your body.
You feel very sick.
Amaemon gestures wildly while chanting.
The scorpion stings you!
* * * LOW HITPOINT WARNING * * *
Unknown command.
Unknown command.
Casting: Stone Arrow (safe; 1% risk of failure)
Confirm with . or Enter, or press ? or * to list all spells.
Aiming: Stone Arrow (safe; 1% risk of failure)
Press: ? - help, Shift-Dir - straight line, f/p - Amaemon
Aim: Amaemon, wielding a +0 demon whip of venom (severely wounded, fast, 72% to hit)
The stone arrow hits Amaemon!!
Amaemon is almost dead.
You feel sick.
Amaemon hits you with a +0 demon whip of venom!!
You die...

#########...#########............
#...# #............ #...#
#............ #†..# #............
#...# #...s........ #...#
#....6....... #########...#
#............
............#########............
...............s@6s4.............
..........##########...##########
..........# #...# ..........#
#...# ..........# #...#
..........# #...# * , ..........#
#...# * * ..........# #...# * ~
..........# #...# ~


You could see Amaemon (fast), an orange demon and 2 scorpions.

Vanquished Creatures
  Pikel (D:7)
  A troll (D:9)
  Prince Ribbit (D:7)
  A hornet (D:5)
  3 yaks (D:9)
  A wyvern (D:7)
  Edmund (D:5)
  A water moccasin (D:8)
  4 orc warriors
  Pargi (D:3)
  A phantom (D:5)
  A kobold brigand (D:8)
  3 bullfrogs
  A wight (D:9)
  7 killer bees
  3 howler monkeys
  A jelly (D:4)
  A hound (D:4)
  2 orc priests
  A gnoll bouda (D:4)
  Natasha (twice) (D:3)
  4 orc wizards
  5 gnolls
  4 adders
  A white imp (D:5)
  2 dart slugs
  14 orcs
  7 ball pythons
  6 endoplasms
  4 giant cockroaches
  6 goblins
  7 hobgoblins
  3 jackals
  14 kobolds
  2 bats
  2 frilled lizards
  4 rats
123 creatures vanquished.

Vanquished Creatures (collateral kills)
  3 wights (D:9)
  A killer bee (D:9)
4 creatures vanquished.

Vanquished Creatures (others)
  10 toadstools (D:4)
10 creatures vanquished.

Grand Total: 137 creatures vanquished

Notes
Turn   | Place    | Note
-------+----------+-------------------------------------------
     0 | D:1      | redmage the Meteoran Earth Elementalist began the quest for
                  | the Orb.
     0 | D:1      | Reached XP level 1. HP: 14/14 MP: 5/5
    65 | D:1      | Reached XP level 2. HP: 20/20 MP: 2/7
   140 | D:1      | Reached XP level 3. HP: 26/26 MP: 6/8
   143 | D:1      | Learned a level 2 spell: Passwall
   147 | D:1      | Learned a level 3 spell: Stone Arrow
   232 | D:2      | Reached skill level 1 in Conjurations
   267 | D:2      | Reached XP level 4. HP: 32/33 MP: 5/10
   289 | D:3      | Noticed Natasha
   291 | D:3      | Killed Natasha
   316 | D:3      | Noticed Pargi
   318 | D:3      | Noticed Natasha
   389 | D:3      | Reached XP level 5. HP: 38/38 MP: 9/11
   424 | D:3      | Killed Pargi
   425 | D:3      | Reached skill level 5 in Earth Magic
   425 | D:3      | Reached XP level 6. HP: 45/45 MP: 3/13
   487 | D:3      | Killed Natasha
   505 | D:3      | Found a stormy altar of Qazlal.
   654 | D:4      | Reached XP level 7. HP: 50/50 MP: 7/15
   690 | D:5      | Entered Level 5 of the Dungeon
   723 | D:5      | Noticed a hornet
   724 | D:5      | Reached skill level 5 in Spellcasting
   724 | D:5      | Reached skill level 5 in Conjurations
   726 | D:5      | Killed a hornet
   737 | D:5      | Reached XP level 8. HP: 38/57 MP: 7/17
   738 | D:5      | Found a staircase to the Ecumenical Temple.
   744 | D:5      | Noticed Edmund
   753 | D:5      | Killed Edmund
   759 | Temple   | Entered the Ecumenical Temple
   789 | Temple   | Became a worshipper of Sif Muna the Loreminder
   822 | D:6      | Found a radiant altar of Vehumet.
   850 | D:7      | Found Xucoel's Assorted Antiques.
   862 | D:7      | Reached skill level 1 in Invocations
   937 | D:7      | Bought a blackened sapphire amulet for 140 gold pieces
  1013 | D:7      | Reached skill level 2 in Invocations
  1021 | D:7      | Found a transporter.
  1022 | D:7      | Noticed carontestyx's ghost (novice AtWr)
  1023 | D:7      | Found a transporter.
  1032 | D:7      | Noticed Pikel
  1035 | D:7      | Killed Pikel
  1036 | D:7      | Reached skill level 5 in Invocations
  1036 | D:7      | Gained mutation: You passively map the area around you.
                  | [Meteoran growth]
  1036 | D:7      | Reached XP level 9. HP: 62/62 MP: 12/19
  1085 | D:8      | Learned a level 4 spell: Petrify
  1136 | D:7      | Noticed Prince Ribbit
  1141 | D:8      | Reached skill level 6 in Invocations
  1157 | D:7      | Reached * piety under Sif Muna
  1160 | D:7      | Killed Prince Ribbit
  1183 | D:7      | Found a flagged portal.
  1224 | Bailey   | Entered a bailey
  1231 | Bailey   | Noticed an orc warlord
  1249 | Bailey   | Learned a level 5 spell: Lee's Rapid Deconstruction
  1283 | Bailey   | Reached skill level 5 in Transmutations
  1307 | Bailey   | Found a runed translucent gate.
  1309 | Bailey   | Found a runed translucent gate.
  1311 | Bailey   | Found a runed translucent gate.
  1372 | Bailey   | Identified 2 scrolls of acquirement
  1372 | Bailey   | Acquired the +1 pair of boots of a bailey {Contam rC+
                  | Regen+ Slay+5}
  1456 | Bailey   | Identified the +7 flail of Pestilence {venom, rN+}
  1469 | D:7      | Acquired a book of Party Tricks
  1473 | D:7      | Learned a level 1 spell: Apportation
  1554 | D:8      | Reached XP level 10. HP: 56/69 MP: 12/20
  1657 | D:9      | Reached skill level 7 in Invocations
  1672 | D:9      | Reached ** piety under Sif Muna
  1674 | D:9      | Reached skill level 8 in Invocations
  1728 | D:10     | Entered Level 10 of the Dungeon
  1809 | D:9      | Reached skill level 9 in Invocations
  1899 | D:9      | Reached skill level 1 in Translocations
  1904 | D:9      | Noticed Amaemon
  1924 | D:9      | Noticed an orange demon
  1931 | D:9      | Mangled by Amaemon

Illustrated notes

Levels and vault maps discovered:
D:1:      reono_arrival_forest_river, layout_basic, minmay_misc_feat_pillars,
          st_stairs_2, minmay_domino_4
D:2:      layout_loops_ring, serial_shops, shop
D:3:      layout_basic, grunt_qazlal_clouds, lemuel_tele_altar,
          minmay_misc_feat_iff, hangedman_decor_clover_reticule,
          chequers_decorated_corner, minmay_fountain_box, uniq_pargi,
          uniq_crazy_yiuf_cottage, uniq_natasha
D:4:      layout_basic, tgw_fedhas, uniq_grinder
D:5:      layout_basic, minmay_temple_entry_stoned_glass, uniq_sigmund,
          uniq_edmund
D:6:      layout_basic, grunt_temple_overflow_open, vehumet_statue,
          uniq_menkaure
D:7:      layout_rooms, gammafunk_ghost_smash, enter_bailey_2, serial_shops,
          nicolae_inconvenience_store, amethyst_killhole, grunt_ministairs_14,
          uniq_prince_ribbit1, uniq_pikel
D:8:      nicolae_cairo_tiling_large_dashed, layout_cave_pools,
          david_lair_generic, solitary_fountain
D:9:      layout_long_grid, elyvilon_altar_4, uniq_amaemon
D:10:     layout_roguey, mainiacjoe_overflow_boulevard, kb_xom_exploding_sheep,
          mainiacjoe_overflow_concentric_impassable
Temple:   nicolae_temple_bog_church

Skill      XL: |  1  2  3  4  5  6  7  8  9 10 |
---------------+-------------------------------+-----
Spellcasting   | 3 4 5 6 |  6.0
Earth Magic    | 4 5 6 7 8 |  8.0
Conjurations   | 1 2 3 4 6 7 8 |  8.0
Invocations    | 5 6 9 |  9.9
Transmutations | 6 8 |  8.0
Translocations | 1 |  1.0
Dodging        | |  2.4
Stealth        | |  1.4

Action                     |  1- 3 |  4- 6 |  7- 9 | 10-12 || total
---------------------------+-------+-------+-------+-------++-------
  Melee: Flail             |       |       |       |     3 ||     3
  Throw: Dart              |       |       |     5 |       ||     5
   Cast: Sandblast         |    34 |    39 |    55 |    14 ||   142
         Stone Arrow       |       |     7 |    39 |    26 ||    72
         Passwall          |       |     1 |       |     1 ||     2
         Petrify           |       |       |     2 |     1 ||     3
         Lee's Rapid Decon |       |       |     2 |       ||     2
         Apportation       |       |       |       |     8 ||     8
 Invoke: Channel Magic     |       |       |     1 |       ||     1
    Use: Scroll            |       |     4 |     4 |     9 ||    17
         Potion            |       |       |     1 |     3 ||     4
 Armour: Robe              |     1 |     7 |       |       ||     8
         Leather armour    |       |       |     4 |     7 ||    11
  Dodge: Dodged            |     4 |    16 |    20 |     7 ||    47
